 Dungeon Crawl Stone Soup version 0.30-a0-1066-g63dfefce0d (webtiles) character file.

Game seed: 5561488206138042954

524 IdlyInterested the Cutter (level 7, -2/50 HPs)
             Began as a Demonspawn Gladiator on Apr 12, 2023.
             Slain by CowFu's ghost (10 damage)
             ... on level 4 of the Dungeon.
             The game lasted 00:15:52 (3294 turns).

IdlyInterested the Cutter (Demonspawn Gladiator)    Turns: 3294, Time: 00:15:52

Health: -2/50      AC:  7    Str: 14    XL:     7   Next: 2%
Magic:  7/7        EV: 10    Int: 10    God:
Gold:   9          SH:  0    Dex: 16    Spells: 6/6 levels left

rFire   . . .      SeeInvis .    a - +0 rapier
rCold   . . .      Faith    .    (no shield)
rNeg    . . .      Spirit   .    v - +0 scale mail
rPois   .          Reflect  .    c - +0 helmet
rElec   .          Rampage  .    (no cloak)
rCorr   +                        (no gloves)
Will    .....                    (no boots) Stlth
                                 u - amulet of regeneration
HPRegen 1.08/turn                q - ring of resist corrosion
MPRegen 0.10/turn                (no ring)

@: confused, mighty, ambrosia-drunk, hasted, invisible, very quick
A: claws 1, hooves 1, foul stench 2, demonic magic 2
a: no special abilities


You were on level 4 of the Dungeon.
You visited 1 branch of the dungeon, and saw 4 of its levels.

You collected 121 gold pieces.
You spent 112 gold pieces at shops.

Inventory:

Hand Weapons
 a - a +0 rapier (weapon)
 n - a +0 rapier
Missiles
 d - 3 throwing nets
 e - a javelin
 i - 63 stones (quivered)
Armour
 b - a +0 leather armour
 c - a +0 helmet (worn)
 r - a +0 ring mail
 v - a +0 scale mail (worn)
Jewellery
 q - a ring of resist corrosion (left claw)
 u - an amulet of regeneration (around neck)
Wands
 z - a wand of acid (6)
Scrolls
 f - a scroll of enchant weapon {unknown}
 k - a scroll of fog {unknown}
 p - 3 scrolls of enchant armour {unknown}
 t - 3 scrolls of brand weapon {unknown}
 y - a scroll of blinking {unknown}
 C - a scroll of teleportation {unknown}
 D - a scroll of noise {unknown}
 E - a scroll of vulnerability {unknown}
Potions
 g - a potion of lignification
 h - a potion of might
 j - a potion of berserk rage
 l - a potion of ambrosia
 m - 2 potions of brilliance
 w - a potion of haste
 A - a potion of attraction {unknown}
 B - a potion of curing {unknown}


   Skills:
 - Level 2.0 Fighting
 * Level 4.8 Short Blades
 - Level 2.0 Throwing
 - Level 1.0 Armour
 - Level 3.0 Dodging
 + Level 4.1 Stealth
 - Level 2.0 Unarmed Combat
 + Level 1.8 Evocations


You had 6 spell levels left.
You didn't know any spells.
Your spell library was empty.

Dungeon Overview and Level Annotations

Branches:
Dungeon (4/15)
 Temple: D:4-7

Altars:
Nemelex Xobeh
Okawaru
Wu Jian

Shops:
D:1 ?   D:2 **[(?

Annotations:
D:4 CowFu's ghost, novice HOFi; Xak's ghost, amateur MiBe; kougar's ghost, amateur KoEn


Innate Abilities, Weirdness & Mutations

You have sharp fingernails.
You have large cloven feet.
You sometimes emit foul miasma when damaged in melee.
Spells you cast may paralyse nearby enemies.


Message History

Crux's ghost is lightly damaged.
You catch the helpless crux's ghost completely off-guard!
You impale crux's ghost!!
Crux's ghost is severely damaged.
CowFu's ghost hits you!
You emit a cloud of foul miasma!
You puncture crux's ghost!
You destroy crux's ghost!
Your Stealth skill increases to level 4!
You have reached level 7!
Your demonic ancestry asserts itself...
Your foul stench grows more powerful.
You closely miss Xak's ghost. Your kick misses Xak's ghost.
You hit kougar's ghost but do no damage.
You barely miss kougar's ghost. CowFu's ghost barely misses you.
You closely miss kougar's ghost. Your kick misses kougar's ghost.
You puncture kougar's ghost!
Kougar's ghost is moderately damaged.
CowFu's ghost hits you!
* * * LOW HITPOINT WARNING * * *
Kougar's ghost misses you.
You are confused.
You feel invigorated.
CowFu's ghost says, "For all the tithing, I expected a more glorious afterlife than this."
CowFu's ghost misses you.
Kougar's ghost points at you and mumbles some strange words.
You fall asleep.
Xak's ghost yells, "Who would have thought, even in death it is a pleasure to sever!"
Xak's ghost hits you!
You wake up.
* * * LOW HITPOINT WARNING * * *
You emit a cloud of foul miasma!
You miss kougar's ghost. Your kick misses kougar's ghost.
Kougar's ghost is moderately damaged.
You closely miss kougar's ghost. Your kick misses kougar's ghost.
Kougar's ghost is moderately damaged.
CowFu's ghost hits you!
* * * LOW HITPOINT WARNING * * *
You emit a cloud of foul miasma!
Kougar's ghost barely misses you. Xak's ghost misses you.
CowFu's ghost hits you!
You die...

..........##...#.........###.#...
...###....##...#.....)#'####'####
...###....##...#......#...#......
..........#....#......#...#......
..........#....#......#...#......
..........######......#...#....<.
##..#######...[.......+...+......
##..##.....[..........###'#######
.#...#........W.@..........).....
.#...#........WW.................
.#...#........○....<.............
.#...#.....####.....<............
##.###.....#.....................
####.......#.....................
...#......####'''####............
...#......#!........#########....
...#......#8.....$.8#..#....#....


You could see CowFu's ghost, Xak's ghost (unable to see you) and kougar's ghost
(unable to see you).

Vanquished Creatures
  The ghost of crux the Insei, an amateur OpTm of Cheibriados (D:4)
  The ghost of IdlyInterested the Cutter, an amateur DsGl (D:4)
  2 sleepcaps
  Natasha (thrice) (D:3)
  An iguana (D:4)
  2 adders (D:4)
  A worm (D:3)
  3 orcs
  3 ball pythons
  5 endoplasms
  2 giant cockroaches
  4 goblins
  7 hobgoblins
  2 jackals (D:3)
  A quokka (D:3)
  4 bats
  3 frilled lizards (D:1)
  9 kobolds
  3 rats
57 creatures vanquished.

Notes
Turn   | Place    | Note
-------+----------+-------------------------------------------
     0 | D:1      | IdlyInterested the Demonspawn Gladiator began the quest for
                  | the Orb.
     0 | D:1      | Reached XP level 1. HP: 16/16 MP: 1/1
    90 | D:1      | Reached skill level 1 in Stealth
   149 | D:1      | Discovered your monstrous ancestry.
   149 | D:1      | Gained mutation: You have large cloven feet. [demonic
                  | ancestry]
   149 | D:1      | Reached XP level 2. HP: 16/22 MP: 2/2
   675 | D:1      | Found Epynucizi's Magic Scroll Shop.
  1073 | D:1      | Bought a scroll of identify for 28 gold pieces
  1239 | D:2      | Found Kubumuih's Magic Scroll Emporium.
  1239 | D:2      | Found Exetwem's Weapon Shoppe.
  1312 | D:2      | Found Mysefui's Antique Armour Shop.
  1312 | D:2      | Found a faded altar of an unknown god.
  1392 | D:2      | Found Ozaim's General Store.
  1469 | D:2      | Found Ymeul's Assorted Antiques.
  1474 | D:2      | Gained mutation: You may rarely emit foul miasma when
                  | damaged in melee. [demonic ancestry]
  1474 | D:2      | Reached XP level 3. HP: 23/27 MP: 3/3
  1536 | D:2      | Found a sparkling altar of Nemelex Xobeh.
  1844 | D:3      | Noticed Natasha
  1852 | D:3      | Killed Natasha
  1988 | D:3      | Reached skill level 1 in Evocations
  2022 | D:3      | Noticed Natasha
  2044 | D:3      | Reached skill level 1 in Armour
  2044 | D:3      | Gained mutation: You have sharp fingernails. [demonic
                  | ancestry]
  2044 | D:3      | Reached XP level 4. HP: 33/33 MP: 4/4
  2056 | D:3      | Killed Natasha
  2079 | D:3      | Found an ornate altar of the Wu Jian Council.
  2288 | D:3      | Noticed Natasha
  2294 | D:3      | Killed Natasha
  2295 | D:3      | Reached skill level 1 in Unarmed Combat
  2295 | D:3      | Gained mutation: Spells you cast may paralyse adjacent
                  | enemies. [demonic ancestry]
  2295 | D:3      | Reached XP level 5. HP: 38/38 MP: 5/5
  2377 | D:2      | Bought a black potion for 16 gold pieces
  2377 | D:2      | Bought a purple potion for 16 gold pieces
  2415 | D:4      | Noticed IdlyInterested's ghost (amateur DsGl)
  2415 | D:4      | Noticed CowFu's ghost (novice HOFi)
  2415 | D:4      | Found a runed translucent gate.
  2415 | D:4      | Found a runed translucent gate.
  2415 | D:4      | Found a runed translucent gate.
  2423 | D:4      | Noticed Xak's ghost (amateur MiBe)
  2445 | D:4      | Found an iron altar of Okawaru.
  3125 | D:4      | Noticed kougar's ghost (amateur KoEn)
  3126 | D:4      | Noticed crux's ghost (amateur OpTm)
  3193 | D:2      | Bought a viscous amethyst potion for 16 gold pieces
  3193 | D:2      | Bought a scroll labelled IHUEQE DAEMO for 18 gold pieces
  3193 | D:2      | Bought a scroll labelled CIAT KAEVVOMNAUR for 18 gold
                  | pieces
  3269 | D:4      | Killed IdlyInterested's ghost
  3270 | D:4      | Gained mutation: Spells you cast may paralyse nearby
                  | enemies. [demonic ancestry]
  3270 | D:4      | Reached XP level 6. HP: 27/44 MP: 6/6
  3284 | D:4      | Killed crux's ghost
  3285 | D:4      | Gained mutation: You sometimes emit foul miasma when
                  | damaged in melee. [demonic ancestry]
  3285 | D:4      | Reached XP level 7. HP: 20/50 MP: 7/7
  3294 | D:4      | Slain by CowFu's ghost

Illustrated notes

Levels and vault maps discovered:
D:1:      matt_arrival_los_fun, layout_basic, serial_shops, nicolae_shop_trees
D:2:      layout_basic, basic_ecumenical_altar, basic_altar, serial_shops,
          nicolae_shop_hallway_plus, shop_fountains, shop, shop, shop
D:3:      layout_rooms, old_standard_altar, uniq_natasha
D:4:      layout_gridville, okawaru_metal_pillars_1_2, gammafunk_ghost_cemetery

Skill      XL: |  1  2  3  4  5  6 |
---------------+-------------------+-----
Stealth        | 1 2 3 4 |  4.1
Dodging        | 3 |  3.0
Throwing       | 2 |  2.0
Evocations     | 1 |  1.8
Armour         | 1 |  1.0
Short Blades   | 3 4 |  4.8
Unarmed Combat | 1 2 |  2.0
Fighting       | |  2.0

Action                     |  1- 3 |  4- 6 |  7- 9 || total
---------------------------+-------+-------+-------++-------
  Melee: Rapier            |   111 |    77 |     7 ||   195
         Kick              |    19 |    25 |       ||    44
         Punch             |     1 |     1 |       ||     2
  Throw: Stone             |       |     3 |       ||     3
    Use: Scroll            |     1 |     7 |       ||     8
         Potion            |       |     4 |     1 ||     5
   Stab: Sleeping          |     6 |     1 |       ||     7
         Invisible         |       |     2 |       ||     2
 Armour: Leather armour    |    15 |       |       ||    15
         Ring mail         |    17 |     2 |       ||    19
         Scale mail        |       |    32 |       ||    32
  Dodge: Dodged            |    62 |    34 |     5 ||   101

Table legend: (Time is in decaauts)
 A = Elapsed time spent in this place.
 B = Non-inter-level travel time spent in this place.
 C = Inter-level travel time spent in this place.
 D = Time resting spent in this place.
 E = Time spent auto-exploring this place.
 F = Levels seen in this place.
 G = Mean time per level.
                   A        B        C        D        E       F      G
               +--------+--------+--------+--------+--------+-----+--------+
         Total |   3300 |   2678 |    622 |    142 |   1784 |   4 |  825.0 |
       Dungeon |   3300 |   2678 |    622 |    142 |   1784 |   4 |  825.0 |
               +--------+--------+--------+--------+--------+-----+--------+

Top non-repeatable levels by time:
     D:1: 1290 daAuts
     D:4: 744 daAuts
     D:3: 652 daAuts
     D:2: 613 daAuts
